 Dungeon Crawl Stone Soup version 0.31-a0-819-gf6de2f5ab6 (webtiles) character file.

Game seed: 5139180828530166532

124 Shayle the Ducker (level 5, -3/48 HPs)
             Began as an Ogre Hexslinger on Sept 24, 2023.
             Slain by Grinder (9 damage)
             ... on level 4 of the Dungeon.
             The game lasted 00:05:13 (1539 turns).

Shayle the Ducker (Ogre Hexslinger)                 Turns: 1539, Time: 00:05:13

Health: -3/48      AC:  4    Str: 12    XL:     5   Next: 8%
Magic:  6/6        EV: 10    Int: 16    God:
Gold:   54         SH:  0    Dex: 11    Spells: 4/6 levels left

rFire   . . .        a - +2 sling (drain)
rCold   . . .        (no shield)
rNeg    . . .        c - +1 robe
rPois   .            (helmet restricted)
rElec   .            (no cloak)
rCorr   .            (gloves unavailable)
SInv    .            (boots unavailable)
Will    .....        (no amulet)
Stlth   +            (no ring)
HPRegen 0.28/turn    (no ring)
MPRegen 0.10/turn

%: no passive effects
@: no status effects
A: large, unfitting armour, tough skin 1
a: no special abilities


You were on level 4 of the Dungeon.
You visited 1 branch of the dungeon, and saw 5 of its levels.

You collected 106 gold pieces.
You spent 52 gold pieces at shops.

Inventory:

Hand Weapons
 a - a +2 sling of draining (weapon)
Armour
 c - a +1 robe (worn)
 f - a +0 cloak
Jewellery
 i - an amulet of the acrobat
Wands
 j - a wand of charming (5)
Scrolls
 b - a scroll of poison
Potions
 d - a potion of brilliance {unknown}
 e - a potion of enlightenment
 h - a potion of berserk rage {unknown}


   Skills:
 - Level 1.3 Fighting
 - Level 1.3 Ranged Weapons
 + Level 3.4 Dodging
 + Level 2.7 Unarmed Combat
 - Level 1.2 Spellcasting
 - Level 2.6 Hexes
 - Level 0.8 Fire Magic


You had 4 spell levels left.
You knew the following spells:

 Your Spells              Type           Power      Damage    Failure   Level
a - Scorch                Fire           6%         2d5       24%         2

Your spell library contained the following spells:

 Spells                   Type           Power      Damage    Failure   Level
 Jinxbite                 Hex            18%        N/A       12%         2
 Foxfire                  Conj/Fire      8%         2x1d4     19%         1
 Sandblast                Erth           0%         2d4       22%         1
 Sigil of Binding         Hex            9%         N/A       22%         3
 Inner Flame              Hex/Fire       6%         N/A       32%         3
 Passwall                 Tmut/Erth      0%         N/A       34%         2
 Call Canine Familiar     Summ           0%         N/A       56%         3
 Stone Arrow              Conj/Erth      0%         3d7       56%         3
 Cause Fear               Hex            4%         N/A       58%         4
 Dimensional Bullseye     Hex/Tloc       2%         N/A       78%         4
 Leda's Liquefaction      Hex/Erth       2%         N/A       78%         4
 Flame Wave               Conj/Fire      2%         2d4       88%         4
 Brom's Barrelling Bould  Conj/Erth      0%         2d3       92%         4
 Plasma Beam              Fire/Air       1%         2x1d11    100%        6
 Starburst                Conj/Fire      1%         6d3       100%        6
 Summon Cactus Giant      Summ           0%         N/A       100%        6


Dungeon Overview and Level Annotations

Branches:
Dungeon (5/15)
 Temple: D:4-7

Altars:

Shops:
D:2 ?

Annotations:
D:3 Natasha
D:4 Grinder
D:5 Eustachio, Ijyb


Innate Abilities, Weirdness & Mutations

You are too large for most types of armour.
You have tough skin. (AC +1)


Message History

Grinder hits you!
* * * LOW HITPOINT WARNING * * *
You writhe in agony.
* * * LOW HITPOINT WARNING * * *
You shoot a sling bullet. The sling bullet barely misses Grinder.
Grinder hits you but does no damage.
Unknown command.
You shoot a sling bullet. The sling bullet barely misses Grinder.
Grinder blinks! x2
Unknown command.
You start resting.
Grinder is nearby!
Fire: a) +2 sling (drain)
Press: ? - help, Q - select action, (/) - cycle Shift-Dir - straight line, f/p - Grinder
Aim: Grinder (almost dead, 50% to hit)
You shoot a sling bullet. The sling bullet hits Grinder.
Grinder is almost dead.
Grinder blinks!
Fire: a) +2 sling (drain)
Press: ? - help, Q - select action, (/) - cycle Shift-Dir - straight line, f/p - Grinder
Aim: Grinder (almost dead, 50% to hit)
You shoot a sling bullet. The sling bullet barely misses Grinder.
Fire: a) +2 sling (drain)
Press: ? - help, Q - select action, (/) - cycle Shift-Dir - straight line, f/p - Grinder
Aim: Grinder (almost dead, 50% to hit)
You shoot a sling bullet. The sling bullet hits Grinder.
Grinder is almost dead.
You shoot a sling bullet.
The sling bullet hits Grinder but does no damage.
Grinder is almost dead.
Grinder hits you!
* * * LOW HITPOINT WARNING * * *
Unknown command.
You shoot a sling bullet. The sling bullet barely misses Grinder.
Grinder closely misses you.
You shoot a sling bullet.
The sling bullet closely misses Grinder.
Grinder hits you!
You die...
Grinder says, "Now the real fun starts!"

#..........#
##.........# ..
#.........# ....
#.........# ....
##.######## #....
#######..# #....
.........## ####..#
...#####..#######....#
##..<@5.......###
##)####........####
#..###............##
#..##...............
#.###..5.........#.
..##.............#
.........$...†....##
...................#
....................#


You could see Grinder.

Vanquished Creatures
  A sleepcap (D:4)
  2 gnolls (D:2)
  3 adders
  An orc (D:4)
  5 ball pythons
  An endoplasm (D:2)
  A giant cockroach (D:1)
  3 goblins
  8 hobgoblins
  4 jackals (D:3)
  3 kobolds
  6 quokkas
  3 bats
  2 frilled lizards
  2 rats
45 creatures vanquished.

Notes
Turn   | Place    | Note
-------+----------+-------------------------------------------
     0 | D:1      | Shayle the Ogre Hexslinger began the quest for the Orb.
     0 | D:1      | Reached XP level 1. HP: 19/19 MP: 2/2
    42 | D:1      | Reached skill level 2 in Dodging
    78 | D:1      | Reached XP level 2. HP: 27/27 MP: 3/3
   153 | D:1      | Reached skill level 1 in Unarmed Combat
   492 | D:2      | Reached XP level 3. HP: 33/33 MP: 4/4
   956 | D:2      | Reached skill level 3 in Dodging
   956 | D:2      | Reached XP level 4. HP: 41/41 MP: 5/5
   965 | D:2      | Learned a level 2 spell: Scorch
   991 | D:2      | Found Xot Vupn's Magic Scroll Boutique.
   996 | D:2      | Bought a scroll of fear for 52 gold pieces
  1049 | D:3      | Found a faded altar of an unknown god.
  1189 | D:3      | Noticed Natasha
  1465 | D:4      | Reached XP level 5. HP: 48/48 MP: 6/6
  1473 | D:4      | Noticed Grinder
  1488 | D:5      | Entered Level 5 of the Dungeon
  1488 | D:5      | Noticed Ijyb
  1488 | D:5      | Noticed Eustachio
  1498 | D:4      | Paralysed by Grinder for 4 turns
  1510 | D:4      | Paralysed by Grinder for 3 turns
  1539 | D:4      | Slain by Grinder

Illustrated notes

Levels and vault maps discovered:
D:1:      heliophobic_arrival_ceremonial_halls, layout_rooms
D:2:      layout_basic, serial_shops, shop, hangedman_decor_diamond_cutter
D:3:      cheibrodos_old_hovel, layout_basic,
          shapermc_ecumenical_altar_mp_ritualfount, uniq_natasha
D:4:      layout_cave_pods, grunt_decor_fettered, uniq_grinder
D:5:      layout_cave_pools, old_standard_altar, minmay_temple_entry_poolview,
          minmay_fire_ice_demons, uniq_ijyb, uniq_pikel, uniq_eustachio

Skill      XL: |  1  2  3 |
---------------+----------+-----
Dodging        | 2 3 |  3.4
Unarmed Combat | 1 2 |  2.7
Fighting       | |  1.3
Ranged Weapons | |  1.3
Spellcasting   | |  1.2
Hexes          | |  2.6
Fire Magic     | |  0.8

Action                     |  1- 3 |  4- 6 || total
---------------------------+-------+-------++-------
   Fire: Sling             |   111 |    83 ||   194
    Use: Scroll            |     6 |     2 ||     8
 Armour: Robe              |    32 |    46 ||    78
  Dodge: Dodged            |    23 |    22 ||    45

Table legend: (Time is in decaauts)
 A = Elapsed time spent in this place.
 B = Non-inter-level travel time spent in this place.
 C = Inter-level travel time spent in this place.
 D = Time resting spent in this place.
 E = Time spent auto-exploring this place.
 F = Levels seen in this place.
 G = Mean time per level.
                   A        B        C        D        E       F      G
               +--------+--------+--------+--------+--------+-----+--------+
         Total |   1603 |   1480 |    123 |    221 |    661 |   5 |  320.6 |
       Dungeon |   1603 |   1480 |    123 |    221 |    661 |   5 |  320.6 |
               +--------+--------+--------+--------+--------+-----+--------+

Top non-repeatable levels by time:
     D:1: 631 daAuts
     D:2: 446 daAuts
     D:4: 344 daAuts
     D:3: 179 daAuts
     D:5: 1 daAuts
